 Dungeon Crawl Stone Soup version 0.30.0-20-g3b4254fcbd (webtiles) character file.

Game seed: 5787241624464171378

616 speedhar the Trooper (level 7, -18/44 HPs)
             Began as a Gargoyle Fighter on June 2, 2023.
             Was a Follower of Okawaru.
             Demolished by an ogre
             ... wielding a +0 giant club
              (20 damage)
             ... on level 4 of the Dungeon.
             The game lasted 00:08:28 (3949 turns).

speedhar the Trooper (Gargoyle Fighter)             Turns: 3949, Time: 00:08:29

Health: -18/44     AC: 12    Str: 22    XL:     7   Next: 45%
Magic:  6/7        EV: 10    Int:  8    God:    Okawaru [*.....]
Gold:   355        SH:  5    Dex: 15    Spells: 6/6 levels left

rFire   . . .        a - +0 flail
rCold   . . .        c - +0 buckler
rNeg    + . .        b - +0 scale mail
rPois   ∞            (no helmet)
rElec   +            (no cloak)
rCorr   .            (no gloves)
SInv    .            (no boots)
Will    .....        (no amulet) Stlth
                     p - +6 ring of dexterity
HPRegen 0.27/turn    (no ring)
MPRegen 0.10/turn

%: no passive effects
@: mighty
A: sickness immunity, AC +4, negative energy resistance 1, electricity
resistance, torment resistance 1, petrification resistance
a: Renounce Religion, Heroism


You were on level 4 of the Dungeon.
You worshipped Okawaru.
Okawaru was aware of your devotion.
You visited 1 branch of the dungeon, and saw 5 of its levels.

You collected 355 gold pieces.

Inventory:

Hand Weapons
 a - a +0 flail (weapon)
Missiles
 f - 2 boomerangs (quivered)
 r - 6 datura-tipped darts
 A - 6 silver boomerangs
Armour
 b - a +0 scale mail (worn)
 c - a +0 buckler (worn)
Jewellery
 p - a +6 ring of dexterity (left hand)
 y - a ring of ice
 C - an amulet of faith
Wands
 q - a wand of polymorph (11)
Scrolls
 g - a scroll of amnesia {unknown}
 h - 10 scrolls of identify {unknown}
 i - 2 scrolls of noise {unknown}
 k - 2 scrolls of fog {unknown}
 m - a scroll of blinking {unknown}
 n - 3 scrolls of teleportation {unknown}
 o - 2 scrolls of poison {unknown}
 s - a scroll of silence {unknown}
 u - 2 scrolls of enchant weapon {unknown}
 B - a scroll of vulnerability {unknown}
Potions
 e - 4 potions of flight {unknown}
 j - 2 potions of resistance {unknown}
 l - 3 potions of lignification {unknown}
 t - a potion of degeneration {unknown}
 v - a potion of ambrosia {unknown}
 w - 3 potions of curing {unknown}
 x - a potion of brilliance {unknown}
 z - 3 potions of berserk rage {unknown}
 D - a potion of haste {unknown}


   Skills:
 * Level 5.6 Fighting
 * Level 4.6 Maces & Flails
 + Level 4.6 Armour
 + Level 2.0 Dodging
 + Level 4.5 Shields


You had 6 spell levels left.
You didn't know any spells.
Your spell library contained the following spells:

 Spells                   Type           Power      Damage    Failure   Level
 Slow                     Hex            0%         N/A       78%         1
 Ensorcelled Hibernation  Hex/Ice        0%         N/A       89%         2
 Passwall                 Tmut/Erth      0%         N/A       89%         2
 Confusing Touch          Hex            0%         N/A       98%         3
 Ozocubu's Armour         Ice            0%         N/A       98%         3
 Swiftness                Air            0%         N/A       98%         3
 Vampiric Draining        Necr           0%         2d6       98%         3
 Ozocubu's Refrigeration  Ice            0%         4d7       100%        7


Dungeon Overview and Level Annotations

Branches:
Dungeon (5/15)             Temple (0/1) D:5

Altars:
Ashenzari
Cheibriados
Elyvilon
Okawaru
Yredelemnul

Annotations:
D:5 Ijyb, Robin


Innate Abilities, Weirdness & Mutations

You are immune to sickness and miasma.
Your stone body is resilient. (AC +4)
You are immune to poison.
You resist negative energy. (rN+)
You are resistant to electric shocks. (rElec)
You are resistant to unholy torment.
You are immune to petrification.


Message History

The hobgoblin hits you but does no damage.
You barely miss the hobgoblin. The hobgoblin barely misses you.
You barely miss the hobgoblin. The hobgoblin completely misses you.
You hit the hobgoblin.
You kill the hobgoblin!
Okawaru accepts your kill.
You start waiting.
Done waiting.
You gain the combat prowess of a mighty hero.
You climb downwards.
Level annotation: Ijyb, Robin The hobgoblin hits you but does no damage.
The ogre closely misses you.
There is a stone staircase leading up here.
Robin's horned helmet rattles.
The hobgoblin misses you.
Ijyb zaps a wand.
You resist with some effort.
You climb upwards.
There is a stone staircase leading down here.
You completely miss the ogre. The hobgoblin closely misses you.
The ogre hits you with a +0 giant club!!
Ouch! That really hurt!
You barely miss the ogre. The hobgoblin misses you.
You hit the ogre but do no damage. The ogre barely misses you.
The hobgoblin misses you.
You thump the ogre!
The ogre is moderately wounded.
The hobgoblin closely misses you. You block the ogre's attack.
You hit the ogre.
The ogre is moderately wounded.
You feel like a meek peon again.
The hobgoblin hits you but does no damage.
You feel very mighty all of a sudden. The ogre hits you with a +0 giant club!
* * * LOW HITPOINT WARNING * * *
You block the hobgoblin's attack.
You sock the ogre!
The ogre is heavily wounded.
The hobgoblin closely misses you.
The ogre hits you with a +0 giant club!!
You die...

####.....###.### #...##### ###
.....#.#.###.# #...# ##..
#####........# #...# #...
#####..#..#..# #...# #..#
....#.....#..# #...########..#
....#........######.........##..#
....#.#.#.#.#...............##..#
.....###.......g......(.....))..#
....#.#.##.##...@O..........##.##
....##.###.######.#.........##..#
....#### #.# #.#....#######.#.
##### #.# #..#.#.# #...#
##########.# #..._..# ##...
.........#.# #.##.#.### ##.#
##.##)##.#.# #........######.#
#.##......########..###........#
#.#####.###...###........####...


You could see an ogre and a hobgoblin.

Vanquished Creatures
  2 phantoms (D:5)
  A hound (D:4)
  An orc priest (D:4)
  An iron imp (D:5)
  A jelly (D:5)
  2 iguanas (D:5)
  An orc wizard (D:4)
  11 adders
  8 gnolls
  A worm (D:3)
  A dart slug (D:5)
  6 orcs
  6 endoplasms
  3 giant cockroaches
  9 goblins
  7 hobgoblins
  6 jackals
  4 quokkas
  6 ball pythons
  6 bats
  4 frilled lizards
  8 kobolds
  6 rats
101 creatures vanquished.

Notes
Turn   | Place    | Note
-------+----------+-------------------------------------------
     0 | D:1      | speedhar the Gargoyle Fighter began the quest for the Orb.
     0 | D:1      | Reached XP level 1. HP: 14/14 MP: 1/1
   394 | D:1      | Reached XP level 2. HP: 18/19 MP: 2/2
   763 | D:2      | Reached XP level 3. HP: 24/24 MP: 3/3
   777 | D:2      | Identified the +1 scale mail of Godeko {rPois SInv}
   953 | D:2      | You fall into a shaft and drop 2 floors!
   993 | D:4      | Reached skill level 4 in Fighting
   993 | D:4      | Reached XP level 4. HP: 29/29 MP: 4/4
  1023 | D:4      | Found a basalt altar of Yredelemnul.
  1069 | D:4      | Reached skill level 1 in Dodging
  1142 | D:4      | Reached XP level 5. HP: 34/34 MP: 5/5
  1621 | D:3      | Found an iron altar of Okawaru.
  1624 | D:3      | Became a worshipper of Warmaster Okawaru
  2064 | D:3      | Found a faded altar of an unknown god.
  2088 | D:3      | Reached XP level 6. HP: 39/39 MP: 6/6
  2406 | D:4      | Found a white marble altar of Elyvilon.
  3024 | D:5      | Entered Level 5 of the Dungeon
  3037 | D:5      | Found a broken altar of Ashenzari.
  3044 | D:5      | Reached skill level 5 in Fighting
  3255 | D:5      | Found a staircase to the Ecumenical Temple.
  3420 | D:4      | Reached XP level 7. HP: 41/44 MP: 7/7
  3424 | D:5      | Reached * piety under Okawaru
  3586 | D:5      | Found a snail-covered altar of Cheibriados.
  3790 | D:5      | Noticed Robin
  3791 | D:5      | Noticed Ijyb
  3948 | D:4      | HP: 1/44 [ogre/+0 giant club (16)]
  3949 | D:4      | Demolished by an ogre

Illustrated notes

Levels and vault maps discovered:
D:1:      tarquinn_simple_flora_water_c, layout_basic
D:2:      layout_rooms, minmay_tetromino_o2
D:3:      layout_basic, okawaru_trees_2,
          hellmonk_ecumenical_altar_pennies_from_heaven,
          chequers_serial_rivers_micro_c, minmay_snake_closets
D:4:      layout_loops_cross, nicolae_elyvilon_temple_path, lemuel_crystal_altar
D:5:      layout_basic, ashenzari_altar_1, chei_slow_surprise,
          minmay_temple_entry_tees, nicolae_goblin_pals, uniq_ijyb

Skill      XL: |  1  2  3  4  5  6  7 |
---------------+----------------------+-----
Fighting       | 4 5 |  5.6
Maces & Flails | 3 4 |  4.6
Dodging        | 1 2 |  2.0
Armour         | 4 |  4.6
Shields        | 4 |  4.5

Action                     |  1- 3 |  4- 6 |  7- 9 || total
---------------------------+-------+-------+-------++-------
  Melee: Flail             |   123 |   215 |    67 ||   405
  Throw: Boomerang         |       |     6 |       ||     6
 Invoke: Heroism           |       |       |     1 ||     1
    Use: Potion            |       |       |     1 ||     1
 Armour: Scale mail        |    99 |   114 |    21 ||   234
  Dodge: Dodged            |    89 |   102 |    37 ||   228
  Block: Buckler           |    35 |    63 |    17 ||   115
